 Dungeon Crawl Stone Soup version 0.31.0-11-ge490571c62 (webtiles) character file.

Game seed: 15788765658804017764

226699 Kallu the Cryomancer (level 18, -1/147 HPs)
             Began as a Demigod Air Elementalist on Feb 6, 2024.
             Slain by an orb spider simulacrum (11 damage)
             ... on level 4 of the Spider Nest on Feb 7, 2024.
             The game lasted 02:04:08 (62801 turns).

Kallu the Cryomancer (Demigod Air Elementalist)    Turns: 62801, Time: 02:04:09

Health: -1/147     AC: 13    Str: 13    XL:     18   Next: 1%
Magic:  14/40      EV: 15    Int: 41    God:
Gold:   2301       SH:  5    Dex: 14    Spells: 13/42 levels left

rFire   . . .        a - +7 demon blade (drain)
rCold   + . .        (no shield)
rNeg    . . .        F - +2 robe {rC+}
rPois   +            t - +1 helmet
rElec   .            Y - +2 cloak {rCorr}
rCorr   +            j - +0 pair of gloves of the Thoughtful Wars {rPois rCorr Str+4}
SInv    +            M - +2 pair of boots
Will    ++...        w - amulet of reflection
Stlth   +++          D - ring of willpower
HPRegen 0.44/turn    E - ring of see invisible
MPRegen 0.27/turn

%: reflection
@: lethally poisoned (-1 -> -31), about to teleport
A: high MP 1, forlorn, divine attributes
}: 1/15 runes: decaying
a: no special abilities


You were on level 4 of the Spider Nest.
You visited 7 branches of the dungeon, and saw 32 of its levels.

You collected 3314 gold pieces.
You spent 1013 gold pieces at shops.

Inventory:

Hand Weapons
 a - a +7 demon blade of draining (weapon)
 b - the +6 shortbow of Kebrimul {speed, +Blink rPois Int+2}
   (You found it on level 8 of the Dungeon)

   Int+2:     It affects your intelligence (+2).
   rPois:     It protects you from poison +Blink: It lets you blink.
Missiles
 G - 7 curare-tipped darts
 H - 3 throwing nets
Armour
 j - the +0 pair of gloves of the Thoughtful Wars (worn) {rPois rCorr Str+4}
   (You acquired it on level 1 of the Spider Nest)

   Str+4:     It affects your strength (+4).
   rPois:     It protects you from poison rCorr: It protects you from acid and
   corrosion.
 t - a +1 helmet (worn)
 F - a +2 robe of cold resistance (worn)
 I - a +2 kite shield
 M - a +2 pair of boots (worn)
 Y - a +2 cloak of preservation (worn)
Jewellery
 w - an amulet of reflection (around neck)
 B - a +5 ring of evasion
 D - a ring of willpower (left hand)
 E - a ring of see invisible (right hand)
 Q - a ring of positive energy
 T - a ring of protection from fire
Wands
 m - a wand of flame (17)
 x - a wand of light (4)
 y - a wand of paralysis (11)
 O - a wand of mindburst (19)
 U - a wand of digging (4)
 Z - a wand of iceblast (4)
Scrolls
 c - 6 scrolls of poison
 d - 6 scrolls of teleportation
 f - a scroll of blinking
 h - 2 scrolls of revelation
 i - 7 scrolls of amnesia
 u - 2 scrolls of summoning
 z - 2 scrolls of fog
 A - 5 scrolls of vulnerability
 J - a scroll of brand weapon
 L - a scroll of torment
 S - a scroll of immolation
 V - 3 scrolls of fear
 W - a scroll of silence
 X - 2 scrolls of noise
Potions
 e - 5 potions of lignification
 g - 6 potions of enlightenment
 k - 9 potions of curing
 n - 4 potions of berserk rage
 o - 6 potions of brilliance
 p - 5 potions of might
 q - a potion of cancellation
 r - 4 potions of heal wounds
 s - a potion of magic
 v - 5 potions of haste
 C - 9 potions of mutation
 K - a potion of ambrosia
 N - a potion of resistance
 P - 4 potions of attraction {unknown}
 R - 2 potions of invisibility
Miscellaneous
 l - a phial of floods (inert)


   Skills:
 - Level 10.0 Fighting
 - Level 7.0 Long Blades
 - Level 8.0 Dodging
 - Level 4.0 Stealth
 + Level 12.6 Spellcasting
 - Level 2.0 Conjurations
 - Level 21.6 Ice Magic
 - Level 12.0 Air Magic
 - Level 5.0 Evocations


You had 13 spell levels left.
You knew the following spells:

 Your Spells              Type           Power      Damage    Failure   Level
a - Shock                 Conj/Air       100%       1d9       1%          1
b - Airstrike             Air            45%        2d(7-23)  1%          4
c - Ozocubu's Refrigerat  Ice            58%        4d20      1%          7
d - Freezing Cloud        Conj/Ice/Air   44%        6-21      1%          5
e - Polar Vortex          Ice            58%        12d7*     19%         9
A - Swiftness             Air            90%        N/A       1%          3

Your spell library contained the following spells:

 Spells                   Type           Power      Damage    Failure   Level
 Ozocubu's Armour         Ice            100%       N/A       0%          3
 Apportation              Tloc           50%        N/A       1%          1
 Necrotise                Necr           100%       1d9       1%          1
 Sting                    Conj/Alch      100%       1d9       1%          1
 Summon Small Mammal      Summ           100%       N/A       1%          1
 Cigotuvi's Dreadful Rot  Necr/Alch/Air  100%       N/A       1%          2
 Ensorcelled Hibernation  Hex/Ice        100%       N/A       1%          2
 Static Discharge         Conj/Air       100%       3-8/arc   1%          2
 Summon Ice Beast         Ice/Summ       85%        N/A       1%          3
 Summon Lightning Spire   Summ/Air       66%        N/A       1%          4
 Metabolic Englaciation   Hex/Ice        42%        N/A       1%          5
 Sculpt Simulacrum        Ice/Alch       42%        N/A       2%          6
 Call Canine Familiar     Summ           25%        N/A       3%          3
 Passwall                 Erth           25%        N/A       3%          3
 Sigil of Binding         Hex            25%        N/A       3%          3
 Tukima's Dance           Hex            25%        N/A       3%          3
 Anguish                  Hex/Necr       12%        N/A       13%         4
 Animate Armour           Summ/Erth      50%        N/A       13%         4
 Animate Dead             Necr           25%        N/A       13%         4
 Cause Fear               Hex            12%        N/A       13%         4
 Dimensional Bullseye     Hex/Tloc       12%        N/A       13%         4
 Dispel Undead            Necr           25%        3d12      13%         4
 Ignite Poison            Fire/Alch      25%        N/A       13%         4
 Martyr's Knell           Necr/Summ      25%        N/A       13%         4
 Olgreb's Toxic Radiance  Alch           25%        N/A       13%         4
 Passage of Golubria      Tloc           25%        N/A       13%         4
 Borgnjor's Vile Clutch   Necr/Erth      12%        N/A       34%         5
 Lee's Rapid Deconstruct  Erth           12%        3d9*      34%         5
 Summon Forest            Summ/Tloc      12%        N/A       34%         5
 Summon Mana Viper        Hex/Summ       25%        N/A       34%         5
 Yara's Violent Unravell  Hex/Alch       12%        3d7       34%         5
 Death Channel            Necr           12%        N/A       89%         6
 Summon Cactus Giant      Summ           12%        N/A       89%         6
 Enfeeble                 Hex            12%        N/A       100%        7
 Monstrous Menagerie      Summ           12%        N/A       100%        7
 Discord                  Hex            12%        N/A       100%        8


Dungeon Overview and Level Annotations

Branches:
Dungeon (15/15)            Temple (0/1) D:5            Lair (5/5) D:9
  Swamp (4/4) Lair:3       Spider (4/4) Lair:2        Slime (0/5) Lair:4
    Orc (2/2) D:9             Elf (1/3) Orc:2        Depths (1/4) D:15
 Vaults: D:13-14

Shops:
D:5 *   D:9 (   Orc:1 [   Orc:2 [****   Depths:1 :

Portals:
Hell: Depths:1
Pandemonium: Depths:1

Annotations:
D:13 Rupert
Lair:3 1 runed translucent door, Huasawuy's ghost, journeyman TrHW
Spider:2 1 runed translucent door, James's ghost, adept MiFi
Spider:4 Arachne


Innate Abilities, Weirdness & Mutations

You have an increased reservoir of magic. (+10% MP)
You shall have no god before yourself.
Your divine heritage dramatically boosts your attributes as you level up.


Message History

Casting: Ozocubu's Refrigeration (mildly dangerous; 1% risk of failure)
Confirm with . or Enter, or press ? or * to list all spells.
Okay, then.
As you read the scroll of teleportation, it crumbles to dust.
You feel strangely unstable.
You are engulfed in freezing vapours.
You resist. The wolf spider simulacrum hits you!
The wolf spider simulacrum freezes you! You resist.
The wolf spider simulacrum barely misses you.
The culicivora simulacrum is caught in a web!
Arachne is engulfed in freezing vapours.
Arachne stares at you and mumbles some strange words.
The bolt of poison hits you!
You are poisoned.
You resist.
* * * LOW HITPOINT WARNING * * *
The culicivora simulacrum evades a web.
The orb spider simulacrum bites you but does no damage.
Unknown command.
Okay, then.
Unknown command.
The web tears apart.
You are engulfed in freezing vapours.
You resist.
* * * LOW HITPOINT WARNING * * *
x2 You feel extremely sick.
Arachne is engulfed in freezing vapours.
Arachne says, "Come closer, little fly."
Arachne hits you with a staff of alchemy.
* * * LOW HITPOINT WARNING * * *
Arachne envenoms you.
* * * LOW HITPOINT WARNING * * *
The culicivora simulacrum struggles to get unstuck from the web.
The wolf spider simulacrum hits you.
* * * LOW HITPOINT WARNING * * *
The wolf spider simulacrum freezes you! You resist.
* * * LOW HITPOINT WARNING * * *
The wolf spider simulacrum completely misses you.
The culicivora simulacrum is caught in a web!
The orb spider simulacrum bites you.
* * * LOW HITPOINT WARNING * * *
The orb spider simulacrum freezes you! You resist.
You die...

####...#...^..^.#
##............####
#..........####^##
##^.#.......#.....#
##.......<......#..#
###........^...#...##
...................†######
...#........^.............
.........######§@H.^######
........## ##ZZ'##
......^## ZZ§...^ ......##
..§§....# .....##
..^.^..Z^.# .....#
.†#..^..#Z.^ ....^#
..###.^^###.^ ....## .^^
..... .. ....#


You could see Arachne (soul bound), a wolf spider simulacrum, 2 orb spider
simulacra, a redback simulacrum and 2 culicivora simulacra.

Vanquished Creatures
  the Lernaean hydra (Swamp:4)
  Nikola (Depths:1)
  Jorgrun (D:12)
  A lich (Depths:1)
  Donald (Spider:3)
  2 thorn hunters
  Roxanne (D:14)
  3 emperor scorpions (Spider:2)
  A fire giant (Depths:1)
  A frost giant (Depths:1)
  2 ghost moths
  A cacodemon (Depths:1)
  4 ghouls
  5 very ugly things
  A dire elephant (Lair:4)
  3 eleionomae
  A deep elf demonologist (Elf:1)
  2 spark wasps (Spider:4)
  4 bunyips
  4 ettins
  Snorg (Lair:4)
  Josephine (D:10)
  4 entropy weavers
  2 fire dragons (Depths:1)
  Fannar (D:11)
  14 hydras
  A spriggan air mage (Depths:1)
  A vault guard (D:13)
  An ice dragon (Depths:1)
  A sphinx zombie (D:15)
  5 alligators
  Erolcha (Orc:2)
  3 ogre magi
  3 radroaches
  A merfolk avatar (Lair:5)
  3 centaur warriors
  A ghost crab (Swamp:2)
  2 jorogumos
  14 two-headed ogres
  8 boulder beetles
  2 catoblepae (Lair:4)
  5 dancing weapons
  A tengu warrior (Depths:1)
  8 death yaks
  A vampire mage (D:15)
  11 demonic crawlers
  A spriggan berserker (Depths:1)
  An orc high priest (Orc:2)
  10 spriggans
  A deep elf knight (Elf:1)
  6 goliath frogs
  4 pharaoh ants
  3 skysharks
  A spriggan druid (Swamp:4)
  8 skeletal warriors
  2 deep trolls (Orc:2)
  A glowing orange brain (Depths:1)
  14 orb spiders
  A flayed ghost (Depths:1)
  3 slime creatures (D:12)
  An orb spider (shapeshifter) (Depths:1)
  An orc knight (Orc:1)
  10 swamp dragons
  2 harpies (Lair:5)
  5 steelbarb worms
  9 bog bodies
  A deep elf archer (Elf:1)
  A necromancer (D:15)
  6 oklob plants
  7 deep elf pyromancers
  5 deep elf zephyrmancers (Elf:1)
  An orc sorcerer (Orc:2)
  22 ugly things
  2 moths of wrath
  10 wolf spiders
  7 cyclopes
  4 will-o-the-wisps
  5 manticores
  18 elephants
  A black mamba (shapeshifter) (D:14)
  2 kobold blastminers (Orc:1)
  A black mamba (Lair:5)
  2 torpor snails (Lair:5)
  2 gargoyles (D:12)
  4 rime drakes
  3 kobold demonologists
  11 cane toads
  An unseen horror (D:10)
  2 efreet (D:15)
  13 komodo dragons
  A tengu conjurer (Depths:1)
  3 red devils (Orc:2)
  3 polar bears
  18 trolls
  21 hornets
  10 tyrant leeches
  Prince Ribbit (D:9)
  33 tarantellas
  19 blink frogs
  2 snapping turtles (Lair:5)
  2 glass eyes (D:12)
  A centaur simulacrum (D:15)
  A shadow (D:12)
  21 culicivoras
  A spriggan skeleton (D:15)
  An air elemental (Elf:1)
  32 jumping spiders
  6 wyverns
  A vampire (D:12)
  2 fire elementals (Elf:1)
  6 wraiths
  2 basilisks
  57 yaks
  A golden eye (shapeshifter) (Elf:1)
  3 wargs
  9 vampire mosquitoes
  45 redbacks
  Edmund (D:5)
  An acid dragon (D:8)
  A harpy simulacrum (D:15)
  16 swamp worms
  13 water moccasins
  16 swamp drakes
  2 ice beasts
  A black bear (D:7)
  14 orc warriors
  A sky beast (D:8)
  23 ogres
  14 centaurs
  15 wolves
  4 kobold brigands
  4 necrophages (Swamp:3)
  12 bullfrogs
  2 gnoll sergeants
  An earth elemental (Elf:1)
  10 scorpions
  17 wights
  9 killer bees
  7 electric eels
  5 howler monkeys
  5 hounds
  16 orc priests
  A gnoll bouda (D:5)
  6 jellies
  An iguana (D:5)
  16 orc wizards
  10 adders
  16 gnolls
  2 shadow imps (D:6)
  A white imp (D:5)
  2 ufetubi (D:6)
  8 ribbon worms
  A dart slug (D:1)
  52 orcs
  6 bats
  4 endoplasms
  A giant cockroach (D:1)
  7 goblins
  8 hobgoblins
  3 quokkas
  4 ball pythons
  2 frilled lizards (D:1)
  26 kobolds
  9 rats
1049 creatures vanquished.

Vanquished Creatures (others)
  A centaur warrior (D:15)
  A bloated husk (Swamp:2)
  An orc (D:9)
  16 foxfires
19 creatures vanquished.

Grand Total: 1068 creatures vanquished

Notes
Turn   | Place    | Note
-------+----------+-------------------------------------------
     0 | D:1      | Kallu the Demigod Air Elementalist began the quest for the
                  | Orb.
     0 | D:1      | Reached XP level 1. HP: 14/14 MP: 5/5
   278 | D:1      | Reached XP level 2. HP: 20/20 MP: 4/7
   900 | D:1      | Reached XP level 3. HP: 26/26 MP: 0/8
   904 | D:1      | Learned a level 3 spell: Swiftness
  1138 | D:2      | You fall into a shaft and drop 2 floors!
  1159 | D:4      | Reached skill level 1 in Fighting
  2114 | D:3      | Reached XP level 4. HP: 33/36 MP: 9/9
  2529 | D:4      | Learned a level 4 spell: Airstrike
  2638 | D:4      | Reached skill level 1 in Conjurations
  2640 | D:4      | Reached XP level 5. HP: 31/41 MP: 8/12
  2834 | D:4      | Reached skill level 1 in Evocations
  3597 | D:5      | Entered Level 5 of the Dungeon
  3736 | D:5      | Reached XP level 6. HP: 45/48 MP: 10/13
  3761 | D:5      | Found a staircase to the Ecumenical Temple.
  3761 | D:5      | Noticed Edmund
  3886 | D:5      | Reached skill level 5 in Air Magic
  4103 | D:5      | You fall into a shaft and drop 1 floor!
  4297 | D:6      | Reached XP level 7. HP: 41/55 MP: 6/14
  5558 | D:6      | HP: 2/55 [acid (7)]
  6263 | D:6      | Reached XP level 8. HP: 25/61 MP: 9/15
  6602 | D:5      | Found Huidit's Assorted Antiques.
  6607 | D:5      | Bought a scroll of teleportation for 66 gold pieces
  6607 | D:5      | Bought a potion of curing for 66 gold pieces
  6867 | D:5      | Reached skill level 5 in Fighting
  6995 | D:5      | Killed Edmund
  7830 | D:7      | Noticed a troll
  8127 | D:7      | Reached skill level 5 in Dodging
  8192 | D:7      | Reached XP level 9. HP: 74/74 MP: 6/16
  9060 | D:8      | Identified the +6 shortbow of Kebrimul {speed, +Blink rPois
                  | Int+2}
  9071 | D:8      | Noticed a two-headed ogre
  9506 | D:8      | Killed a two-headed ogre
  9507 | D:8      | Reached skill level 5 in Spellcasting
  9507 | D:8      | Reached skill level 4 in Ice Magic
 10171 | D:9      | Noticed Prince Ribbit
 10173 | D:9      | Killed Prince Ribbit
 10174 | D:9      | Noticed a two-headed ogre
 10186 | D:9      | Found Ydibles's Weapon Boutique.
 10223 | D:9      | Reached skill level 5 in Ice Magic
 10540 | D:9      | Reached skill level 6 in Ice Magic
 10540 | D:9      | Reached XP level 10. HP: 81/81 MP: 11/21
 11012 | D:9      | Reached skill level 7 in Ice Magic
 11379 | D:9      | Reached skill level 8 in Ice Magic
 11556 | D:9      | Found a staircase to the Lair.
 11964 | D:9      | Killed a two-headed ogre
 11965 | D:9      | Reached skill level 9 in Ice Magic
 13006 | D:9      | Found a staircase to the Orcish Mines.
 13192 | D:10     | Entered Level 10 of the Dungeon
 13364 | D:10     | Reached skill level 10 in Ice Magic
 13514 | D:10     | Noticed Josephine
 13518 | D:10     | Killed Josephine
 13542 | D:9      | Reached XP level 11. HP: 78/86 MP: 9/22
 14172 | D:10     | Reached skill level 11 in Ice Magic
 14562 | D:9      | Learned a level 7 spell: Ozocubu's Refrigeration
 15427 | Lair:1   | Entered Level 1 of the Lair of Beasts
 15493 | D:9      | Reached skill level 12 in Ice Magic
 16675 | Lair:1   | Identified the +1 robe "Feagez" {Int+3}
 16757 | Lair:1   | Reached skill level 13 in Ice Magic
 18239 | Lair:1   | Reached skill level 14 in Ice Magic
 18347 | Lair:1   | Reached XP level 12. HP: 71/94 MP: 8/23
 18738 | Lair:2   | Found a hole to the Spider Nest.
 19488 | Lair:2   | Noticed a six-headed hydra
 19493 | Lair:2   | Killed a six-headed hydra
 21334 | Lair:3   | Found a runed translucent door.
 21673 | Lair:3   | Noticed Huasawuy's ghost (journeyman TrHW)
 21853 | Lair:3   | Found a staircase to the Swamp.
 22819 | Lair:4   | Found a staircase to the Slime Pits.
 22911 | Lair:4   | Identified the +1 robe of Maich {+Blink rPois rC+++ Int-3}
 23007 | Lair:3   | Reached XP level 13. HP: 84/107 MP: 5/29
 23281 | Lair:4   | Noticed Snorg
 23684 | Lair:4   | Reached skill level 10 in Air Magic
 24744 | Lair:5   | Entered Level 5 of the Lair of Beasts
 24807 | Lair:4   | Killed Snorg
 25909 | Lair:5   | Noticed a dire elephant
 26042 | Lair:5   | Reached skill level 1 in Long Blades
 26195 | Lair:4   | Killed a dire elephant
 27879 | Lair:5   | Reached skill level 10 in Spellcasting
 28158 | Lair:5   | Reached XP level 14. HP: 115/115 MP: 9/32
 28573 | Lair:5   | Identified the +3 trident "Zesenatu" {heavy, Int+5}
 29171 | D:11     | Noticed Fannar
 29179 | D:11     | Killed Fannar
 30399 | D:12     | Learned a level 5 spell: Freezing Cloud
 30611 | D:12     | Reached skill level 15 in Ice Magic
 30724 | D:12     | Noticed Jorgrun
 30730 | D:12     | Killed Jorgrun
 31983 | D:13     | Upgraded the game from 0.31.0-9-g3a7656b989 to
                  | 0.31.0-11-ge490571c62
 32795 | D:13     | Reached skill level 16 in Ice Magic
 32925 | D:13     | Noticed Rupert
 32934 | D:13     | Paralysed by Rupert for 5 turns
 33465 | D:14     | Noticed Roxanne
 34888 | D:14     | Killed Roxanne
 35041 | D:15     | Entered Level 15 of the Dungeon
 36388 | D:15     | Identified the +0 helmet "Fuirchal" {+Inv Str+2 Int-2
                  | Dex+3}
 37131 | D:15     | Reached skill level 5 in Evocations
 37332 | D:15     | Found a staircase to the Depths.
 37667 | D:14     | Reached XP level 15. HP: 38/123 MP: 2/33
 38226 | Orc:1    | Entered Level 1 of the Orcish Mines
 38707 | Orc:1    | Found Iloqu's Antique Armour Shoppe.
 39191 | Orc:1    | You fall into a shaft and drop 1 floor!
 39191 | Orc:2    | Entered Level 2 of the Orcish Mines
 39191 | Orc:2    | Found Zalaegirr's General Store.
 39265 | Orc:2    | Bought a potion of haste for 120 gold pieces
 39648 | Orc:2    | Found Afue's General Store.
 39655 | Orc:2    | Reached skill level 10 in Fighting
 40147 | Orc:2    | Found a staircase to the Elven Halls.
 40153 | Orc:2    | Found Lucemuf's Assorted Antiques.
 40153 | Orc:2    | Noticed Erolcha
 40155 | Orc:2    | Killed Erolcha
 40232 | Orc:2    | Found Timu's Armour Shop.
 40318 | Orc:2    | Found Pafineec's General Store.
 40443 | Orc:2    | Bought a +1 cloak of preservation for 231 gold pieces
 40453 | Orc:2    | Bought 2 scrolls of identify for 112 gold pieces
 40467 | Orc:2    | Bought a scroll of identify for 30 gold pieces
 40467 | Orc:2    | Identified a scroll of acquirement
 40473 | Orc:2    | Bought a scroll of teleportation for 45 gold pieces
 40473 | Orc:2    | Bought 2 potions of curing for 90 gold pieces
 40772 | Orc:2    | Acquired a +2 demon blade of draining
 40957 | Elf:1    | Entered Level 1 of the Elven Halls
 41213 | Elf:1    | Paralysed by an air elemental for 1 turns
 41333 | Elf:1    | Paralysed by an air elemental for 1 turns
 41673 | Elf:1    | Noticed a deep elf master archer
 41997 | Spider:1 | Entered Level 1 of the Spider Nest
 42073 | Spider:1 | Acquired the +0 pair of gloves of the Thoughtful Wars
                  | {rPois rCorr Str+4}
 42852 | Swamp:1  | Entered Level 1 of the Swamp
 42854 | Swamp:1  | Reached skill level 5 in Long Blades
 45004 | Swamp:2  | Reached XP level 16. HP: 134/134 MP: 28/37
 46396 | Swamp:3  | Reached skill level 17 in Ice Magic
 47442 | Swamp:4  | Entered Level 4 of the Swamp
 50289 | Swamp:4  | Reached skill level 18 in Ice Magic
 50317 | Swamp:4  | Noticed the 27-headed Lernaean hydra
 50485 | Swamp:4  | Killed the 27-headed Lernaean hydra
 50811 | Swamp:4  | Got a decaying rune of Zot
 51153 | Depths:1 | Entered Level 1 of the Depths
 52756 | Depths:1 | Identified the +0 dagger of Malum Prohibitum {flame, Int+2}
 52795 | Depths:1 | Found a gateway to Hell.
 52822 | Depths:1 | Noticed a lich
 52849 | Depths:1 | Killed a lich
 52850 | Depths:1 | Reached skill level 19 in Ice Magic
 53145 | Depths:1 | Noticed Nikola
 53150 | Depths:1 | Killed Nikola
 53475 | Depths:1 | Found Nirughoe's Self-Improvement Boutique.
 53483 | Depths:1 | Reached XP level 17. HP: 140/140 MP: 25/38
 54573 | Depths:1 | Found a one-way gate leading to the halls of Pandemonium.
 55927 | Spider:1 | Reached skill level 20 in Ice Magic
 58106 | Spider:2 | Found a runed translucent door.
 58106 | Spider:2 | Noticed James's ghost (adept MiFi)
 58773 | D:5      | Bought a scroll of blinking for 165 gold pieces
 58773 | D:5      | Bought a scroll of fear for 88 gold pieces
 59580 | Spider:2 | Reached skill level 21 in Ice Magic
 60658 | Spider:3 | Noticed Donald
 61119 | Spider:3 | Learned a level 9 spell: Polar Vortex
 61435 | Spider:3 | Killed Donald
 61746 | Spider:4 | Entered Level 4 of the Spider Nest
 62795 | Spider:4 | Noticed Arachne
 62799 | Spider:4 | Reached XP level 18. HP: 111/147 MP: 20/40
 62801 | Spider:4 | Slain by an orb spider simulacrum

Illustrated notes

Levels and vault maps discovered:
D:1:      dpeg_arrival_stonehenge_12_columns, layout_rooms
D:2:      layout_basic, basic_altar
D:3:      layout_rooms, nicolae_ru_awakened_eye, minmay_misc_feat_square
D:4:      layout_basic, general_overflow_altar
D:5:      layout_basic, mainiacjoe_overflow_cross_hatched,
          minmay_temple_entry_glass, serial_shops, shop, nicolae_wormholes,
          uniq_edmund
D:6:      layout_loops_corners, serial_library_hellmonk_h_bend,
          grunt_ministairs_11
D:7:      layout_loops_ring, makhleb_blood_cavern_becter,
          mainiacjoe_overflow_24_doors, lightli_corner_chamber
D:8:      layout_loops_ring, nicolae_dithmenos_through_a_glass_darkly
D:9:      layout_rooms, vehumet_crystals, marbit_many_paths,
          grunt_qazlal_clouds, erik_lair_orcish_takeover, erik_orc_1,
          serial_shops, shop, uniq_prince_ribbit1
D:10:     layout_loops_ring, trog_book, tgw_fedhas,
          mainiacjoe_overflow_divided_tiny, serial_bayou, serial_bayou_pond_e,
          serial_bayou_ford_a, serial_bayou_lake_a, serial_bayou_pond_a,
          uniq_josephine
D:11:     layout_gridville, uniq_fannar
D:12:     layout_irregular_city, serial_rivers, chequers_serial_rivers_small_a,
          chequers_serial_rivers_micro_b, chequers_serial_rivers_room_a,
          chequers_serial_rivers_marsh, chequers_serial_rivers_marsh,
          onia_ninara_cookie, uniq_jorgrun
D:13:     layout_loops_corners, erik_vaults_1, uniq_rupert, uniq_nessos
D:14:     layout_long_grid, trog_three_pillars_becter,
          chequers_serial_rivers_micro_a, minivault_22,
          okawaru_altar_gauntlet_db, uniq_roxanne
D:15:     gammafunk_depths_entry_grave, layout_rooms
Lair:1:   layout_loops_ring
Lair:2:   layout_cave_pods, spider_nest_entry_web_field, grunt_megastairs_1,
          serial_bayou_shore_a
Lair:3:   layout_cave_pods, minmay_swamp_entry_worms,
          ebering_ghost_reflecting_pool
Lair:4:   layout_concentric_octagons, minmay_slime_entry_oklob_open,
          lemuel_fruit_fields, uniq_snorg
Lair:5:   gammafunk_lair_ancient_temple, layout_gridlike
Swamp:1:  layout_basic_swamp, nicolae_swamp_some_circles
Swamp:2:  layout_basic_swamp, evilmike_swamp_ruin_rubble_2
Swamp:3:  layout_falls_marsh, evilmike_swamp_ruin_house_3, swamp_pool_5,
          hangedman_swamp_ravenous
Swamp:4:  swamp_old_school, layout_basic_swamp, portal_ice_cave_entry_ugly_swarm
Spider:1: layout_cave_pods
Spider:2: spiders_nest_scorpion_pit, hellmonk_ghost_happy_afterlife,
          einodemon_crawler_minivault
Spider:3: layout_spider_delve, uniq_donald
Spider:4: johnstein_spider_rune_arachne_lair, drop_trap
Orc:1:    layout_caves, serial_shops, nicolae_shop_advertising_works
          [nicolae_subvault_shop_adworks], mines3_lemuel
Orc:2:    st_orc_open, layout_caves, serial_shops, shop,
          einodemon_armed_red_devil_minivault, uniq_erolcha
Elf:1:    layout_rooms, minivault_28, roderic_lattice_octagonal_star
Depths:1: layout_basic, grunt_hell_entry_dis_mu, serial_curves, eino_curves_01,
          eino_curves_01, rand_demon_pan_entry_7, minmay_misc_feat_chi,
          nicolae_shop_self_help, uniq_nikola

Skill      XL: |  1  2  3  4  5  6  7  8  9 10 11 12 13 14 15 16 17 |
---------------+----------------------------------------------------+-----
Air Magic      | 3 4 6 8 9 11 12 | 12.0
Fighting       | 2 5 8 10 | 10.0
Spellcasting   | 3 5 8 10 12 | 12.6
Conjurations   | 1 2 |  2.0
Evocations     | 2 5 |  5.0
Dodging        | 5 6 8 |  8.0
Ice Magic      | 6 10 14 16 19 21 | 21.6
Long Blades    | 4 7 |  7.0
Stealth        | 4 |  4.0

Action                     |  1- 3 |  4- 6 |  7- 9 | 10-12 | 13-15 | 16-18 || total
---------------------------+-------+-------+-------+-------+-------+-------++-------
  Melee: Unarmed           |    49 |       |       |       |       |       ||    49
         Hand axe          |    10 |    57 |    54 |       |       |       ||   121
         Halberd           |     3 |       |       |       |       |       ||     3
         Punch             |       |     2 |     3 |     4 |     3 |     4 ||    16
         Scimitar          |       |       |    65 |   165 |   182 |       ||   412
         Demon blade       |       |       |       |       |    37 |   217 ||   254
   Fire: Shortbow          |       |       |     3 |       |     2 |       ||     5
   Cast: Shock             |    68 |    60 |   125 |    22 |       |       ||   275
         Airstrike         |       |     2 |    59 |   276 |   380 |   181 ||   898
         Swiftness         |       |       |     6 |     8 |     4 |     2 ||    20
         Ozocubu's Refrige |       |       |       |    44 |   186 |   193 ||   423
         Freezing Cloud    |       |       |       |       |    48 |    92 ||   140
  Evoke: Wand              |       |       |     9 |    22 |    28 |    33 ||    92
         Phial of floods   |       |       |       |       |       |     1 ||     1
    Use: Scroll            |       |       |     8 |     6 |    25 |    16 ||    55
         Potion            |       |       |     1 |       |     1 |     6 ||     8
   Stab: Sleeping          |     1 |     3 |     1 |       |     3 |     1 ||     9
         Distracted        |       |       |     1 |     1 |       |       ||     2
         Paralysed         |       |       |       |     5 |       |       ||     5
         Invisible         |       |       |       |     2 |       |     3 ||     5
 Armour: Robe              |    57 |    63 |   138 |   205 |   252 |   468 ||  1183
         Troll leather arm |       |       |       |       |   152 |       ||   152
  Dodge: Dodged            |    74 |    67 |   150 |   213 |   304 |   304 ||  1112
  Block: Other             |       |       |    15 |    76 |    82 |    77 ||   250
         Reflection        |       |       |       |     2 |     5 |     1 ||     8
